 Dungeon Crawl Stone Soup version 0.24-a0-619-gb7544fd (webtiles) character file.

Game seed: 6896584984286554766, levelgen mode: classic

39 BingusPrime the Vexing (level 3, -1/21 HPs)
             Began as a Vampire Enchanter on July 2, 2019.
             Shot with a stone by a goblin (3 damage)
             ... on level 2 of the Dungeon on Sept 17, 2019.
             The game lasted 00:07:36 (1124 turns).

BingusPrime the Vexing (Vampire Enchanter)          Turns: 1124, Time: 00:07:37

Health: -1/21      AC:  2    Str:  7    XL:     3   Next: 26%
Magic:  5/6        EV: 13    Int: 17    God:
Gold:   49         SH:  0    Dex: 15    Spells: 5/6 levels left

rFire    . . .     SeeInvis +   a - +1 dagger
rCold    . . .     Gourm    .   (no shield)
rNeg     . . .     Faith    .   b - +0 robe
rPois    .         Spirit   .   (no helmet)
rElec    .         Reflect  .   (no cloak)
rCorr    .         Harm     .   (no gloves)
MR       .....     Rnd*Tele +   (no boots)
Stlth    +++.......             (no amulet)
HPRegen  0.27/turn              e - ring of teleportation (curse)
MPRegen  0.10/turn              (no ring)

@: regenerating quickly
A: no food, fangs 3, see invisible, [frail 1], unbreathing
a: Exsanguinate


You were on level 2 of the Dungeon.
You were alive.

You visited 1 branch of the dungeon, and saw 2 of its levels.

You collected 49 gold pieces.

Inventory:

Hand Weapons
 a - a +1 dagger (weapon)
Missiles
 d - 78 stones (quivered)
 f - 66 bolts
 j - 7 datura-tipped darts
Armour
 b - a +0 robe (worn)
Jewellery
 e - a cursed ring of teleportation (left hand)
Scrolls
 g - a scroll of remove curse {unknown}
 h - a scroll of amnesia {unknown}
 i - a scroll of identify {unknown}
Potions
 c - a potion of agility {unknown}
 k - a potion of flight {unknown}


   Skills:
 + Level 0.1 Fighting
 + Level 1.1 Short Blades
 + Level 2.7 Dodging
 + Level 4.8 Stealth
 + Level 2.2 Spellcasting
 + Level 5.4 Hexes


You had 5 spell levels left.
You knew the following spells:

 Your Spells              Type           Power        Failure   Level  Hunger
a - Corona                Hex            ###....      1%          1    N/A

Your spell library contained the following spells:

 Spells                   Type           Power        Failure   Level  Hunger
 Confuse                  Hex            ###.....     6%          3    N/A
 Tukima's Dance           Hex            ###.....     6%          3    N/A
 Ensorcelled Hibernation  Hex/Ice        ##....       10%         2    N/A
 Dazzling Spray           Conj/Hex       ##....       19%         3    N/A

Dungeon Overview and Level Annotations

Branches:
Dungeon (2/15)

Altars:


Innate Abilities, Weirdness & Mutations

You do not eat.
Your natural rate of healing is unusually fast.
You have razor-sharp teeth.
You have supernaturally acute eyesight. (SInv)
You can survive without breathing.
[You are frail. (-10% HP)]


Message History

The kobold closely misses you.
A goblin comes into view.
You hit the kobold.
You kill the kobold!
Casting: Corona (safe; 1% risk of failure)
Confirm with . or Enter, or press ? or * to list all spells.
Aiming: Corona (safe; 1% risk of failure)
Press: ? - help, Shift-Dir - straight line, f/p - worm
Aim: a worm (chance to defeat MR: 67%)
The worm is outlined in light.
You hit the worm.
The worm is lightly wounded.
You hit the worm.
The worm is moderately wounded.
The goblin shouts!
The worm bites you!
* * * LOW HITPOINT WARNING * * *
The goblin wields a +0 hunting sling.
The goblin shoots a stone.
The stone hits you.
You die...

.........#### #:.#.......
##.#####.# ###(......#.. #
#.# #..(###...#.. #####.#
###.#(# #.#.#.. #.....#
#.....#.#......
#####.#####
##.#.........#.. #.....#.#
###.....##.##...$. #
#...#..># #.w.###.# ..#
#.#...#.#.# #@#.# .... ...
#.#.#.......# #...#
.#...#.
..........#######.....##.#
#.#.#.#...>.... ...#... ..
#.#...#.....# #......
#...........# ####.#
####...#....# ..g
##...>..... .. #..........


You could see a worm and a goblin.

Vanquished Creatures
  A dart slug (D:1)
  4 leopard geckos (D:1)
  5 goblins (D:1)
  5 hobgoblins (D:1)
  A ball python (D:1)
  2 bats (D:1)
  5 frilled lizards
  6 kobolds
  4 rats
33 creatures vanquished.

Notes
Turn   | Place    | Note
-------+----------+-------------------------------------------
     0 | D:1      | BingusPrime the Vampire Enchanter began the quest for the
                  | Orb.
     0 | D:1      | Reached XP level 1. HP: 13/13 MP: 3/3
    84 | D:1      | Upgraded the game from 0.24-a0-464-g6b2be6b to
                  | 0.24-a0-619-gb7544fd
    90 | D:1      | Reached XP level 2. HP: 19/19 MP: 3/5
   213 | D:1      | Reached skill level 5 in Hexes
   430 | D:1      | Reached XP level 3. HP: 13/19 MP: 3/6
  1124 | D:2      | Shot with a stone by a goblin

Levels and vault maps discovered:
D:1:      dpeg_arrival_rooms_b, layout_loops_ring
D:2:      minmay_diamond_boxcup, layout_basic, serial_glass, glass_columns_b,
          glass_columns_a, minmay_fractal_squares_5

Skill      XL: |  1  2 |
---------------+-------+-----
Hexes          | 5 |  5.4
Fighting       | |  0.1
Short Blades   | |  1.1
Dodging        | |  2.7
Stealth        | |  4.8
Spellcasting   | |  2.2

Action                   || total
-------------------------++-------
Melee: Dagger            ||   117
       Bite              ||    12
Throw: Stone             ||     5
 Cast: Corona            ||    26
 Abil: Exsanguinate      ||     1
       Revivify          ||     1
 Stab: Sleeping          ||     2
Armor: Robe              ||    12
Dodge: Dodged            ||    82

Table legend:
 A = Non-vault XP
 B = Vault XP
 C = Vault XP percentage of total XP
 D = Non-vault monster count
 E = Vault monster count
 F = Vault count percentage of total count
                 A         B        C        D         E       F
            +---------+---------+-------+---------+---------+-------
      Total |      52 |       4 |   7.1 |      30 |       3 |   9.1
            +---------+---------+-------+---------+---------+-------
        D:1 |      50 |       0 |   0.0 |      28 |       0 |   0.0
        D:2 |       2 |       4 |  66.7 |       2 |       3 |  60.0
            +---------+---------+-------+---------+---------+-------
